 BcadrenCrawl: Boulder Brew version 0.04-3-g5ec7fb31a4 (webtiles) character file.

Game seed: 3459829111052592377, levelgen mode: deterministic

116 Chiseanne the Ducker (level 5, -2/36 HPs) Goblin Demonspawn. Began on Mar 21, 2021. Splashed by a jelly's acid (9 damage) ... on level 2 of the Dungeon. The game lasted 00:01:58 (1051 turns).

Chiseanne the Ducker (Goblin Demonspawn)            Turns: 1051, Time: 00:01:58

Health: -2/36      AC:  1    Str:  8    XL:     5 ^: 103
Magic:  7/7        EV: 11    Int:  6    God:
Gold:   87         SH:  3    Dex:  6    Spells: 8/9 levels left

rFire    . . .     Vision   .   a - +1 long sword
rCold    . . .     Gourm    .   e - +2 buckler {rPois}
rNeg     . . .     Faith    .   k - +0 scale mail
rPois    +         Spirit   .   (helmet restricted)
rElec    .         Reflect  .   (no cloak)
rCorr    .         Harm     .   (no gloves)
MR       .....                  (no boots)
Stlth    ..........             (no amulet)
HPRegen  0.22/turn              (no ring)
MPRegen  0.17/turn              (no ring)

@: corroded
A: small, stagnant stats, goblin's greed, horns 2, molten scales 2, low mp 1,
mutation resistance 1, god's pity 2
a: no special abilities


You were on level 2 of the Dungeon.
You were not hungry.

You visited 1 branch of the dungeon, and saw 2 of its levels.

You collected 73 gold pieces.

Inventory:

Weapons
 a - a +1 long sword (weapon) Shields
 e - a +2 buckler of poison resistance (shield)
 j - a +0 targe
Armour
 k - a +0 scale mail (worn)
Scrolls
 i - a scroll of blinking
Potions
 f - 2 potions of ambrosia
 g - a potion of cancellation
 h - 2 potions of berserk rage
Comestibles
 d - 4 rations


   Skills:
 * Level 3.0 Fighting
 - Level 2.6 Long Blades
 * Level 1.3 Armour
 * Level 4.8 Dodging
 - Level 2.6 Stealth
 * Level 1.9 Shields
 * Level 2.6 Spellcasting
 - Level 2.6 Fire Magic
   Level 4.0 Invocations


You had 8 spell levels left.
You knew the following spells:

 Your Spells              Type           Power        Failure   Level  Hunger
a - Flame Tongue          Fire           4 (30)       50%         1    ##.....

Your spell library contained the following spells:

 Spells                   Type           Power        Failure   Level  Hunger
 Conjure Flame            Fire           4 (100)      86%         3    ####...
 Blink                    Tloc           N/A          94%         2    ###....
 Call Imp                 Summ           0 (100)      94%         2    ###....
 Slow                     Hex            0 (100)      94%         2    ###....
 Mephitic Cloud           Pois/Air       0 (100)      99%         3    ####...


Dungeon Overview and Level Annotations

Branches:
Dungeon (2/8)

Altars:


Innate Abilities, Weirdness & Mutations

Your stats never grow through leveling.
Your goblin ancestry allows you to find more gold. (+20%)
You are small and have problems with some larger weapons.
You have a pair of horns on your head.
You are mostly covered in molten scales. (AC +3)
Your magical capacity is low. (-10% MP)
You are somewhat resistant to further mutation.
The pity of the gods increases the power of your passive and invoked divine abilities.


Message History

You barely miss the adder. The adder closely misses you (0).
You riposte.
You barely miss the adder. The adder misses you (0).
You hit the adder (2). The adder bites you but does no damage.
You closely miss the adder. The adder bites you (1).
The adder bites you but does no damage.
You hit the jelly (3).
Your hands burn (1).
The adder bites you but does no damage. You block the jelly's attack.
The adder misses you (0). The jelly hits you (1). The acid corrodes you!
You are splashed with acid (8)!
You slash the jelly (10)! The acid corrodes you!
Your hands burn (4).
The adder bites you (1). The jelly barely misses you (0).
You riposte.
The jelly blocks your attack. The adder closely misses you (0).
You hit the jelly (3).
Your hands burn (3).
The jelly closely misses you (0). The adder bites you (4).
The jelly blocks your attack. The adder bites you (3).
* * * LOW HITPOINT WARNING * * *
The jelly hits you (1).
* * * LOW HITPOINT WARNING * * *
You are splashed with acid (9)!
You die...

.≈≈≈≈≈≈.#
.≈≈≈≈≈≈..
≈≈≈≈≈≈≈≈#
≈≈≈≈≈≈≈≈#
≈≈≈≈≈≈≈.#
≈≈≈≈≈≈..###
≈≈PPPP≈.#.#
PP≈≈≈PPS..#
≈≈≈≈≈≈≈@.##
.≈≈≈≈≈≈J..#
.≈≈≈≈≈≈.≈≈###
≈≈≈≈≈≈≈≈.##≈#
.≈...≈≈≈#...#
...≈....).###
.≈≈≈≈≈≈.#≈#
.≈≈≈≈≈≈≈≈.#
.≈≈≈≈≈≈≈≈##


You could see a jelly and an adder.

Vanquished Creatures
  A big kobold (D:1)
  A giant cockroach (D:1)
  A cinder newt (D:2)
  An ooze (D:1)
  A dart slug (D:1)
  A leopard gecko (D:1)
  2 bats (D:1)
  2 goblins (D:1)
  4 hobgoblins (D:1)
  7 kobolds
  A rat (D:1)
22 creatures vanquished.

Vanquished Creatures (others)
  10 withered plants (D:2)
10 creatures vanquished.

Grand Total: 32 creatures vanquished

Notes
Turn   | Place    | Note
-------+----------+-------------------------------------------
     0 | D:1      | Chiseanne the Goblin Demonspawn began the quest for the
                  | Orb.
     0 | D:1      | Reached XP level 1. HP: 13/13 MP: 2/2
    65 | D:1      | Gained mutation: You are partially covered in molten
                  | scales. (AC +2) [demonic ancestry]
    65 | D:1      | Reached XP level 2. HP: 19/19 MP: 3/3
   432 | D:1      | Gained mutation: You have a pair of small horns on your
                  | head. [demonic ancestry]
   432 | D:1      | Reached XP level 3. HP: 23/24 MP: 4/4
   552 | D:1      | Reached skill level 1 in Shields
   791 | D:2      | Noticed a big kobold
   925 | D:1      | Killed a big kobold
   925 | D:1      | Reached skill level 1 in Armour
   925 | D:1      | Gained mutation: You are mostly covered in molten scales.
                  | (AC +3) [demonic ancestry]
   925 | D:1      | Reached XP level 4. HP: 12/30 MP: 4/6
   925 | D:1      | Gained mutation: You have a pair of horns on your head.
                  | [demonic ancestry]
   925 | D:1      | Reached XP level 5. HP: 15/36 MP: 4/7
  1051 | D:2      | Splashed by a jelly's acid

Levels and vault maps discovered:
D:1:      dpeg_arrival_water_temple_mockup, layout_loops_ring
D:2:      layout_sewer, minitemple, first_ration, minmay_lizard_king,
          uniq_menkaure

Skill      XL: |  1  2  3  4  5 |
---------------+----------------+-----
Fighting       | 2 3 |  3.0
Spellcasting   | 2 |  2.6
Shields        | 1 |  1.9
Armour         | 1 |  1.3
Long Blades    | |  2.6
Dodging        | |  4.8
Stealth        | |  2.6
Fire Magic     | |  2.6
Invocations    | |  4.0

Action                   |  1- 3 |  4- 6 || total
-------------------------+-------+-------++-------
Melee: Long sword        |    79 |    23 ||   102
       Unarmed           |    13 |       ||    13
       Headbutt          |     2 |       ||     2
  Use: Scroll            |     1 |       ||     1
 Stab: Sleeping          |     1 |       ||     1
  Eat: Chunk             |       |     1 ||     1
Armor: Leather armour    |    11 |       ||    11
       Scale mail        |    17 |    12 ||    29
Dodge: Dodged            |    69 |    20 ||    89
Block: Buckler           |     9 |     1 ||    10
       Rpst.: Long sword |    18 |     4 ||    22
